 Dungeon Crawl Stone Soup version 0.22-a0-779-g6f83d72c62 (webtiles) character file.

2667 Htamos the Tainter (level 9, 0/57 HPs)
             Began as a Formicid Venom Mage on July 19, 2018.
             Was a Believer of Dithmenos.
             Killed from afar by an electric eel (11 damage)
             ... with a bolt of electricity
             ... on level 8 of the Dungeon.
             The game lasted 00:37:01 (11036 turns).

Htamos the Tainter (Formicid Venom Mage)           Turns: 11036, Time: 00:37:02

Health: 0/57       AC:  8    Str: 17      XL:     9   Next: 94%
Magic:  7/20       EV:  7    Int: 12 (14) God:    Dithmenos [**....]
Gold:   284        SH:  0    Dex: 10 (11) Spells: 12/22 levels left

rFire    . . .     SeeInvis +   l - +2 dagger (elec)
rCold    . . .     Gourm    +   (no shield)
rNeg     . . .     Faith    .   L - +0 chain mail
rPois    .         Spirit   .   (helmet unavailable)
rElec    .         Reflect  .   (no cloak)
rCorr    .         Harm     .   (no gloves)
MR       .....                  (no boots)
Stlth    ..........             f - amulet of the gourmand
HPRegen  0.19/turn              (no ring)
MPRegen  0.17/turn              (no ring)

@: slightly contaminated, wreathed by umbra
A: permanent stasis, dig shafts and tunnels, four strong arms, antennae 3,
blurry vision 1, screaming 1, wild magic 1
a: Dig, Shaft Self, Shadow Step, Renounce Religion


You were on level 8 of the Dungeon.
You worshipped Dithmenos.
Dithmenos was pleased with you.
You were very full.

You visited 1 branch of the dungeon, and saw 8 of its levels.

You collected 434 gold pieces.
You spent 150 gold pieces at shops.

Inventory:

Hand Weapons
 b - a +2 trident
 l - a +2 dagger of electrocution (weapon)
 s - a +0 dagger of protection
 A - a +0 vampiric dagger
 D - a +0 short sword
 G - a +0 scythe
 H - a +0 war axe
Missiles
 g - 196 stones (quivered)
 t - 8 javelins
 x - 2 tomahawks of returning
Armour
 a - a +0 robe
 i - a +0 ring mail
 k - a +0 leather armour
 F - a +2 robe of the Archmagi
 K - a +0 plate armour
 L - a +0 chain mail (worn)
Jewellery
 e - an uncursed amulet of the acrobat
 f - an amulet of the gourmand (around neck)
Wands
 q - a wand of scattershot (5)
 r - a wand of polymorph (40)
 C - a wand of acid (12)
Scrolls
 j - 2 scrolls of remove curse
 o - 2 scrolls of blinking
 v - a scroll of amnesia
 w - a scroll of magic mapping
 y - 2 scrolls of enchant armour
 B - a scroll of fear
 J - a scroll of immolation
 O - a scroll of torment
Potions
 d - 2 potions of ambrosia
 h - 9 potions of curing
 m - a potion of might
 n - a potion of agility {unknown}
 u - 2 potions of heal wounds
 z - 3 potions of brilliance
 E - a potion of experience {unknown}
 I - a potion of invisibility {unknown}
Comestibles
 c - 10 rations


   Skills:
 - Level 1.7 Dodging
 - Level 2.9 Stealth
 + Level 7.4 Spellcasting
 - Level 0.8 Conjurations
 + Level 13.7 Poison Magic


You had 12 spell levels left.
You knew the following spells:

 Your Spells              Type           Power        Failure   Level  Hunger
a - Sting                 Conj/Pois      ####         21%         1    None
b - Poisonous Vapours     Pois/Air       ####..       34%         2    #......
c - Olgreb's Toxic Radia  Pois           #####...     14%         4    ####...
d - Mephitic Cloud        Conj/Pois/Air  ###.....     82%         3    ###....

Your spell library contained the following spells:

 Spells                   Type           Power        Failure   Level  Hunger
 Venom Bolt               Conj/Pois      ####......   99%         5    ######.
 Summon Small Mammal      Summ           #...         98%         1    None
 Summon Ice Beast         Ice/Summ       #.......     100%        4    ####...
 Call Imp                 Summ           #.......     99%         2    #......
 Call Canine Familiar     Summ           #.......     100%        3    ###....
 Summon Lightning Spire   Summ/Air       #.......     100%        4    ####...
 Summon Guardian Golem    Hex/Summ       #.......     100%        3    ###....


Dungeon Overview and Level Annotations

Branches:
Dungeon (8/15)             Temple (0/1) D:6
   Lair: D:8-11

Altars:
Dithmenos
Hepliaklqana
Nemelex Xobeh
Okawaru
Xom
The Shining One

Shops:
D:4 *   D:5 %   D:6 =

Annotations:
D:8 exclusion: door


Innate Abilities, Weirdness & Mutations

You cannot be hasted, slowed, berserked, paralysed or teleported.
You can dig through walls and to a lower floor.
Your four strong arms can wield two-handed weapons with a shield.
You have a pair of large antennae on your head. (SInv)
Scrolls take you a little longer to read.
You occasionally shout uncontrollably at your foes.
Your spells are a little harder to cast, but a little more powerful.


Message History

The bolt of electricity hits you!
You hear a bark!
Found 16 gold pieces.
A hound comes into view.
The hound barks!
Found 21 stones.
An electric eel comes into view.
The electric eel shoots out a bolt of lightning at you!
The bolt of electricity hits you! The hound bites you but does no damage.
The electric eel shoots out a bolt of lightning at you!
The bolt of electricity hits you!
* * * LOW HITPOINT WARNING * * *
You hear a shout!
The hound barely misses you.
The electric eel shoots out a bolt of lightning at you!
The bolt of electricity hits you!
* * * LOW HITPOINT WARNING * * *
The electric eel shoots out a bolt of lightning at you!
The bolt of electricity hits you!
You die...

..........#.#
.≈≈≈≈≈≈....#.#
(≈.h≈≈≈≈≈≈......
≈≈≈≈≈;≈≈≈.......
≈≈≈≈≈.≈.≈.....#
≈≈≈≈≈..≈......#
≈≈..;.≈.≈..$.#.###.
≈
.......O.h@.......
.. ##.....##.#.####
....... #..o.##
##.# ........
#.#### #.#
........##.#####
#.#
...............#
#.#
.......###.....#
#.#
...............#
#.#
....!..........#
#.#


You could see an ogre, a hound, 2 electric eels and an orc.

Vanquished Creatures
  Sigmund (D:6)
  2 orc warriors
  3 ice beasts
  2 black bears (D:8)
  An ogre (D:6)
  A phantom (D:8)
  2 centaurs
  2 bullfrogs (D:6)
  5 wights
  3 howler monkeys (D:7)
  A centaur zombie (D:7)
  A crimson imp (D:5)
  2 hounds
  2 orc wizards
  A bullfrog skeleton (D:4)
  9 orc priests
  A centaur skeleton (D:5)
  Ijyb (D:4)
  An iguana (D:5)
  8 worker ants
  A hound zombie (D:8)
  4 gnolls (D:4)
  13 adders
  2 shadow imps
  An ooze (D:2)
  An adder skeleton (D:4)
  An adder zombie (D:6)
  5 worms
  A dart slug (D:3)
  3 leopard geckos
  28 orcs
  6 bats
  4 giant cockroaches
  13 goblins
  7 hobgoblins
  7 jackals
  4 quokkas
  A ball python (D:3)
  6 frilled lizards
  A jackal skeleton (D:8)
  8 kobolds
  A quokka zombie (D:6)
167 creatures vanquished.

Vanquished Creatures (others)
  A goblin (D:4)
  4 toadstools (D:1)
5 creatures vanquished.

Grand Total: 172 creatures vanquished

Notes
Turn   | Place    | Note
-------+----------+-------------------------------------------
     0 | D:1      | Htamos the Formicid Venom Mage began the quest for the Orb.
     0 | D:1      | Reached XP level 1. HP: 13/13 MP: 3/3
   363 | D:1      | Reached XP level 2. HP: 6/19 MP: 0/5
   373 | D:1      | Learned a level 2 spell: Poisonous Vapours
   998 | D:1      | Found a sparkling altar of Nemelex Xobeh.
  1187 | D:2      | Reached XP level 3. HP: 9/24 MP: 4/7
  1577 | D:2      | Reached skill level 5 in Poison Magic
  1629 | D:2      | Reached XP level 4. HP: 29/30 MP: 0/8
  1643 | D:2      | Found a shadowy altar of Dithmenos.
  1673 | D:2      | Became a worshipper of Dithmenos the Shadowed
  1935 | D:2      | Learned a level 4 spell: Olgreb's Toxic Radiance
  2655 | D:3      | Found an iron altar of Okawaru.
  2814 | D:3      | Reached XP level 5. HP: 35/35 MP: 1/10
  2929 | D:3      | Noticed an ice beast
  2948 | D:3      | Killed an ice beast
  2948 | D:3      | Reached skill level 6 in Poison Magic
  2948 | D:3      | Reached XP level 6. HP: 23/41 MP: 8/12
  3961 | D:4      | Reached * piety under Dithmenos
  4252 | D:4      | Reached skill level 7 in Poison Magic
  4263 | D:4      | Reached skill level 5 in Spellcasting
  4383 | D:4      | Reached XP level 7. HP: 35/46 MP: 1/14
  4449 | D:4      | Found Rycasos's General Store.
  4666 | D:4      | Reached skill level 8 in Poison Magic
  4828 | D:4      | Bought 2 scrolls of enchant armour for 150 gold pieces
  4953 | D:4      | Noticed Ijyb
  5316 | D:4      | Killed Ijyb
  5663 | D:4      | Reached skill level 9 in Poison Magic
  5920 | D:5      | Entered Level 5 of the Dungeon
  5939 | D:5      | Found Qathean's Food Shop.
  6046 | D:5      | Reached XP level 8. HP: 25/52 MP: 0/15
  6303 | D:5      | Reached skill level 10 in Poison Magic
  6306 | D:5      | Reached ** piety under Dithmenos
  6813 | D:5      | Found a hazy altar of Hepliaklqana.
  6814 | D:5      | Found a shimmering altar of Xom.
  6815 | D:5      | Noticed a spectral ugly thing
  7340 | D:6      | Noticed Sigmund
  7360 | D:6      | Killed Sigmund
  7360 | D:6      | Reached skill level 11 in Poison Magic
  7440 | D:6      | Found Zyplu's Jewellery Emporium.
  7793 | D:6      | Found a staircase to the Ecumenical Temple.
  7825 | D:6      | Reached skill level 12 in Poison Magic
  7957 | D:6      | Reached XP level 9. HP: 35/57 MP: 10/16
  8362 | D:7      | Learned a level 3 spell: Mephitic Cloud
  9157 | D:8      | Reached skill level 13 in Poison Magic
  9319 | D:8      | Found a glowing golden altar of the Shining One.
  9541 | D:8      | Gained mutation: You occasionally shout uncontrollably at your foes. [potion of mutation]
  9541 | D:8      | Gained mutation: Scrolls take you a little longer to read. [potion of mutation]
  9541 | D:8      | Gained mutation: Your spells are a little harder to cast, but a little more powerful. [potion of mutation]
 11036 | D:8      | Killed from afar by an electric eel

Vault maps used:
D:1:      ldierk_walled_garden_2, nemelex_diamond_rough_becter
D:2:      lemuel_round_altar
D:3:      wad_river_or_something, overflow_temple_1_default, serial_forest,
          infiniplex_forest_end_3, infiniplex_forest_end_3,
          infiniplex_forest_lined_ring, infiniplex_forest_clump_curved,
          infiniplex_forest_end_2, first_ration
D:4:      kennysheep_the_goblin_king, serial_shops, shop, grunt_tough_drop
D:5:      regret_index_temple_of_mockery, serial_shops, nicolae_shop_trees,
          hangedman_abyss_or_decor_stagger
D:6:      minmay_temple_entry_nine_rooms, serial_shops, shop, uniq_sigmund
D:8:      erik_lair_island, tso_metal_star

Skill      XL: |  1  2  3  4  5  6  7  8  9 |
---------------+----------------------------+-----
Spellcasting   | 3 4 5 7 |  7.4
Poison Magic   | 5 6 7 9 12 13 | 13.7
Dodging        | |  1.7
Stealth        | |  2.9
Conjurations   | |  0.8

Action                   |  1- 3 |  4- 6 |  7- 9 || total
-------------------------+-------+-------+-------++-------
Melee: Unarmed           |     6 |       |       ||     6
       Dagger            |    16 |    41 |   155 ||   212
       Scythe            |       |       |     5 ||     5
 Cast: Sting             |    15 |    67 |     2 ||    84
       Poisonous Vapours |    16 |    32 |   148 ||   196
       Olgreb's Toxic Ra |       |       |     1 ||     1
 Abil: Dig               |    16 |     3 |     9 ||    28
Evoke: Wand              |       |       |     1 ||     1
  Use: Scroll            |       |     5 |    10 ||    15
       Potion            |       |     1 |    11 ||    12
 Stab: Sleeping          |     1 |       |     1 ||     2
  Eat: Chunk             |     4 |    11 |    41 ||    56
       Ration            |       |       |     1 ||     1
Armor: Robe              |     4 |     8 |    20 ||    32
       Skin              |       |     8 |    18 ||    26
       Ring mail         |       |       |     1 ||     1
       Chain mail        |       |       |     3 ||     3
Dodge: Dodged            |    22 |    42 |   128 ||   192

Table legend:
 A = Spawn XP
 B = Non-spawn XP
 C = Spawn XP percentage of total XP
 D = Spawn monster count
 E = Non-spawn monster count
 F = Spawn count percentage of total count
 G = Total turns spent on level
                    A         B        C        D         E        F      G
               +---------+---------+-------+---------+---------+-------+---------
         Total |       0 |    3811 |   0.0 |       0 |     167 |   0.0 | 11036
               +---------+---------+-------+---------+---------+-------+---------
           D:1 |       0 |      21 |   0.0 |       0 |      14 |   0.0 |  1145
           D:2 |       0 |      97 |   0.0 |       0 |      23 |   0.0 |  1350
           D:3 |       0 |     203 |   0.0 |       0 |      19 |   0.0 |  2074
           D:4 |       0 |     579 |   0.0 |       0 |      39 |   0.0 |  1492
           D:5 |       0 |     464 |   0.0 |       0 |      16 |   0.0 |  1256
           D:6 |       0 |     758 |   0.0 |       0 |      17 |   0.0 |   943
           D:7 |       0 |     757 |   0.0 |       0 |      22 |   0.0 |  1158
           D:8 |       0 |     932 |   0.0 |       0 |      17 |   0.0 |  1618
               +---------+---------+-------+---------+---------+-------+---------
